AoeStats
← Kijuan13

Hideout

508701035Analyzed
1v1 RM · 9d ago on Sep 23, 2026· 33m 3s· 2 players
Game mode
Random Map
Map size
Tiny (2 player)
Population
200
Speed
Normal
Resources
Standard
Victory
Conquest
Starting age
Dark Age
Ending age
Imperial Age
RankedLock teamsTeams togetherTeam positionsShared explorationLock speedFull tech treeHidden civsTurbo modeCheats
Victory
Defeat
🇵🇪 Mongols · Peru
1296
+14
🇺🇸 Spanish · United States
1263
-14
Kijuan13
7:52 Loom
10:57 Feudal Age
11:54 Double-Bit Axe
11:33 Man-at-Arms
12:01 Arson
13:06 Scale Mail Armor
14:07 Forging
20:13 Castle Age
18:27 Horse Collar
19:16 Scale Barding Armor
19:36 Bloodlines
20:53 Husbandry
21:16 Chain Barding Armor
21:19 Bow Saw
21:33 Light Cavalry
23:20 Heavy Plow
24:12 Iron Casting
25:21 Long Swordsman
26:08 Gold Mining
26:10 Gambesons
N4nd0
9:43 Feudal Age
10:20 Loom
14:01 Castle Age
12:43 Double-Bit Axe
14:53 Bow Saw
16:13 Fletching
21:21 Horse Collar
24:04 Heavy Plow
25:24 Wheelbarrow
24:34 Town Watch
25:47 Stone Mining
27:22 Husbandry
27:39 Bodkin Arrow
28:01 Hand Cart
32:40 Murder Holes
Connection lost

Rejoining the realm…

Still unreachable

The connection could not be restored.

Session expired

The server has moved on; the page needs a fresh start.